 Dungeon Crawl Stone Soup version 0.26.1-11-gd32895ea62 (webtiles) character file.

Game seed: 15490578779757428976

1754 queenofzan the Cleaver (level 8, 0/73 HPs)
             Began as a Minotaur Berserker on May 30, 2021.
             Slain by an ogre
             ... wielding a +0 giant club
              (17 damage)
             ... on level 5 of the Dungeon on May 31, 2021.
             The game lasted 00:08:27 (5435 turns).

queenofzan the Cleaver (Minotaur Berserker)         Turns: 5435, Time: 00:08:27

Health: 0/73       AC:  4    Str: 22    XL:     8   Next: 78%
Magic:  8/8        EV: 14    Int:  4    God:
Gold:   193        SH:  0    Dex: 12    Spells: 9/9 levels left

rFire    . . .     SeeInvis .   a - +2 hand axe
rCold    . . .     Faith    .   (no shield)
rNeg     . . .     Spirit   .   b - +0 animal skin
rPois    .         Reflect  .   (helmet restricted)
rElec    .         Harm     .   u - +0 cloak
rCorr    .         Rampage  .   (no gloves)
Will     .....                  z - +0 pair of boots
Stlth    ++........             (no amulet)
HPRegen  0.22/turn              y - ring of flight
MPRegen  0.11/turn              (no ring)

@: hasted, very quick
A: retaliatory headbutt, horns 2
a: Evoke Flight


You were on level 5 of the Dungeon.
You visited 1 branch of the dungeon, and saw 5 of its levels.

You collected 193 gold pieces.

Inventory:

Hand Weapons
 a - a +2 hand axe (weapon)
Armour
 b - a +0 animal skin (worn)
 j - a +0 chain mail
 u - a +0 cloak (worn)
 z - a +0 pair of boots (worn)
Jewellery
 y - a ring of flight (left hand)
Scrolls
 e - a scroll of enchant armour {unknown}
 k - 3 scrolls of magic mapping
 l - a scroll of random uselessness {unknown}
 m - 2 scrolls of immolation {unknown}
 p - 3 scrolls of amnesia
 r - 2 scrolls of remove curse {unknown}
 t - 2 scrolls of blinking {unknown}
 v - a scroll of fog {unknown}
 w - a scroll of fear {unknown}
Potions
 c - a potion of attraction
 d - a potion of ambrosia {unknown}
 f - a potion of brilliance
 i - a potion of curing
 n - a potion of invisibility
 o - 5 potions of degeneration
 s - a potion of cancellation {unknown}
 x - a potion of lignification {unknown}
 A - a potion of resistance {unknown}


   Skills:
 + Level 7.0 Fighting
 + Level 1.9(2.3) Short Blades
 + Level 2.1(2.6) Long Blades
 + Level 8.6(8.9) Axes
 + Level 2.1(6.0) Maces & Flails
 + Level 2.1(6.0) Polearms
 + Level 2.1(3.0) Staves
 + Level 3.4(3.7) Slings
 + Level 1.9 Bows
 + Level 2.4 Crossbows
 + Level 1.8(2.7) Throwing
 + Level 3.6 Armour
 + Level 5.1 Dodging
 + Level 3.0 Stealth
 + Level 2.1 Shields
 + Level 1.9 Unarmed Combat
 + Level 1.1 Spellcasting
 + Level 1.2 Conjurations
 + Level 1.1 Hexes
 + Level 1.2 Summonings
 + Level 1.2 Necromancy
 + Level 1.2 Translocations
 + Level 1.3 Transmutations
 + Level 1.2 Fire Magic
 + Level 1.2 Ice Magic
 + Level 1.4 Air Magic
 + Level 1.3 Earth Magic
 + Level 1.2 Poison Magic
 + Level 1.7 Invocations
 + Level 1.5 Evocations


You had 9 spell levels left.
You didn't know any spells.
Your spell library contained the following spells:

 Spells                   Type           Power        Failure   Level
 Magic Dart               Conj           4%           30%         1
 Blink                    Tloc           N/A          43%         2
 Call Imp                 Summ           1%           43%         2
 Slow                     Hex            1%           45%         2
 Conjure Flame            Conj/Fire      1%           67%         3
 Mephitic Cloud           Conj/Pois/Air  1%           67%         3


Dungeon Overview and Level Annotations

Branches:
Dungeon (5/15)
 Temple: D:4-7

Altars:
Trog


Innate Abilities, Weirdness & Mutations

You reflexively headbutt those who attack you in melee.
You have a pair of horns on your head.


Message History

You feel sick.
You feel sick.
You feel sick.
You feel sick.
You feel sick.
You feel sick.
You feel sick.
You feel sick.
An ogre comes into view. It is wielding a +0 giant club.
An ogre is nearby!
The ogre shouts!
You see here a worker ant corpse.
The ogre hits you with a +0 giant club!!
* * * LOW HITPOINT WARNING * * *
You are too injured to fight recklessly!
You are too injured to fight recklessly!
You feel yourself speed up.
You feel sick.
You are no longer poisoned.
The ogre hits you with a +0 giant club!
You die...

/........#
.######.##
####.#
.###....##
...[.....#
.#######.#
#.#
#†#####
#@....#
#O##....#
#.. #..#
#.## ##
..# ###


You could see an ogre.

Vanquished Creatures
  Eustachio (D:4)
  Menkaure (D:4)
  3 ogres
  A centaur (D:5)
  A howler monkey (D:5)
  A hound (D:4)
  4 worker ants
  A hound skeleton (D:4)
  3 gnolls (D:3)
  4 adders (D:3)
  4 oozes (D:4)
  2 adder skeletons
  3 worms
  2 dart slugs
  A leopard gecko (D:4)
  8 orcs
  11 bats
  4 giant cockroaches
  8 goblins
  16 hobgoblins
  A jackal (D:3)
  3 quokkas
  4 ball pythons
  9 frilled lizards
  A jackal skeleton (D:4)
  12 kobolds
  11 rats
120 creatures vanquished.

Notes
Turn   | Place    | Note
-------+----------+-------------------------------------------
     0 | D:1      | queenofzan the Minotaur Berserker began the quest for the
                  | Orb.
     0 | D:1      | Reached XP level 1. HP: 19/19 MP: 0/0
    93 | D:1      | Reached XP level 2. HP: 13/27 MP: 1/1
   477 | D:1      | Reached skill level 4 in Axes
   899 | D:1      | Reached ** piety under Trog
   900 | D:1      | Reached XP level 3. HP: 34/34 MP: 2/2
  1750 | D:2      | Found a bloodstained altar of Trog.
  2000 | D:2      | Reached XP level 4. HP: 29/41 MP: 3/3
  2618 | D:3      | Reached skill level 5 in Axes
  3050 | D:3      | Reached skill level 5 in Fighting
  3192 | D:3      | Reached *** piety under Trog
  3193 | D:3      | Reached XP level 5. HP: 48/48 MP: 4/4
  3435 | D:3      | Noticed an ogre
  3441 | D:3      | Killed an ogre
  3442 | D:3      | Reached skill level 1 in Stealth
  3748 | D:3      | Reached XP level 6. HP: 53/56 MP: 5/5
  4013 | D:4      | Reached skill level 6 in Axes
  4246 | D:4      | Noticed Eustachio
  4267 | D:4      | Killed Eustachio
  4591 | D:4      | Reached XP level 7. HP: 62/63 MP: 6/6
  4633 | D:4      | Reached skill level 7 in Axes
  5167 | D:4      | Noticed Menkaure
  5176 | D:4      | Killed Menkaure
  5251 | D:4      | Fell from the grace of Trog
  5251 | D:4      | Reached skill level 1 in Short Blades
  5251 | D:4      | Reached skill level 8 in Axes
  5251 | D:4      | Reached skill level 1 in Bows
  5251 | D:4      | Reached skill level 1 in Throwing
  5251 | D:4      | Reached skill level 5 in Dodging
  5251 | D:4      | Reached skill level 1 in Unarmed Combat
  5251 | D:4      | Reached skill level 1 in Spellcasting
  5251 | D:4      | Reached skill level 1 in Conjurations
  5251 | D:4      | Reached skill level 1 in Hexes
  5251 | D:4      | Reached skill level 1 in Summonings
  5251 | D:4      | Reached skill level 1 in Necromancy
  5251 | D:4      | Reached skill level 1 in Translocations
  5251 | D:4      | Reached skill level 1 in Transmutations
  5251 | D:4      | Reached skill level 1 in Fire Magic
  5251 | D:4      | Reached skill level 1 in Ice Magic
  5251 | D:4      | Reached skill level 1 in Air Magic
  5251 | D:4      | Reached skill level 1 in Earth Magic
  5251 | D:4      | Reached skill level 1 in Poison Magic
  5251 | D:4      | Reached skill level 1 in Invocations
  5251 | D:4      | Reached skill level 1 in Evocations
  5251 | D:4      | Reached XP level 8. HP: 73/73 MP: 6/8
  5281 | D:5      | Entered Level 5 of the Dungeon
  5435 | D:5      | Slain by an ogre

Illustrated notes

Levels and vault maps discovered:
D:1:      saegor_arrival_simple_c, layout_basic, bh_walls_and_bars
D:2:      layout_basic, dk_noncrumbling_3, trog_hazing_becter
D:3:      minmay_razor_zed, layout_loops_ring, grunt_decor_cap,
          hangedman_decor_clover_reticule
D:4:      layout_loops_cross, uniq_eustachio, uniq_menkaure
D:5:      layout_loops_ring, fedhas_ov_isle_minmay, minmay_temple_entry_hall,
          hangedman_decor_opposing

Skill      XL: |  1  2  3  4  5  6  7  8 |
---------------+-------------------------+-----
Fighting       | 4 5 6 7 |  7.0
Axes           | 4 5 6 8 |  8.6
Dodging        | 3 5 |  5.1
Stealth        | 1 2 3 |  3.0
Short Blades   | 1 |  1.9
Long Blades    | 2 |  2.1
Maces & Flails | 2 |  2.1
Polearms       | 2 |  2.1
Staves         | 2 |  2.1
Slings         | 3 |  3.4
Bows           | 1 |  1.9
Crossbows      | 2 |  2.4
Throwing       | 1 |  1.8
Armour         | 3 |  3.6
Shields        | 2 |  2.1
Unarmed Combat | 1 |  1.9
Spellcasting   | 1 |  1.1
Conjurations   | 1 |  1.2
Hexes          | 1 |  1.1
Summonings     | 1 |  1.2
Necromancy     | 1 |  1.2
Translocations | 1 |  1.2
Transmutations | 1 |  1.3
Fire Magic     | 1 |  1.2
Ice Magic      | 1 |  1.2
Air Magic      | 1 |  1.4
Earth Magic    | 1 |  1.3
Poison Magic   | 1 |  1.2
Invocations    | 1 |  1.7
Evocations     | 1 |  1.5

Action                   |  1- 3 |  4- 6 |  7- 9 || total
-------------------------+-------+-------+-------++-------
Melee: Hand axe          |   106 |   128 |    59 ||   293
       Headbutt          |     8 |    19 |    19 ||    46
Invok: Berserk           |     2 |     4 |       ||     6
       Trog's Hand       |       |       |     1 ||     1
  Use: Scroll            |       |       |    12 ||    12
       Potion            |       |       |     2 ||     2
 Stab: Sleeping          |       |     2 |     1 ||     3
Armor: Animal skin       |    27 |    18 |     5 ||    50
Dodge: Dodged            |    88 |    79 |    26 ||   193
